 Dungeon Crawl Stone Soup version 0.18-a0-1782-gb76a692 (webtiles) character file.

705 zxpr0jk the Chiller (level 7, 0/50 HPs)
             Began as a Black Draconian Ice Elementalist on Apr 17, 2016.
             Slain by a sky beast (1 damage)
             ... on level 5 of the Dungeon.
             The game lasted 00:13:51 (4194 turns).

zxpr0jk the Chiller (DrIE)                          Turns: 4194, Time: 00:13:52

Health: 0/50       AC:  7    Str: 18    XL:     7   Next: 39%
Magic:  0/14       EV: 18    Int: 16    God:
Gold:   221        SH:  0    Dex: 22    Spells: 2 memorised, 11 levels left

rFire  . . .     SeeInvis .     s - +3 dagger (flame)
rCold  + . .     Gourm    +     (armour unavailable)
rNeg   . . .     Faith    .     (no shield)
rPois  .         Spirit   .     (helmet restricted)
rElec  +         Dismiss  .     D - +0 cloak (curse)
rCorr  .         Reflect  .     (no gloves)
SustAt .         Harm     .     (no boots)
MR     .....                    e - amulet of the gourmand
Stlth  +++.......               y - +3 ring of strength
                                C - ring of Leaves {rElec rC+ Dex+4}

@: mighty, agile, not resistant to hostile enchantments, fairly stealthy
A: breathe lightning, unfitting armour, electricity resistance, cold-blooded, AC
+6
a: Breathe Lightning


You were on level 5 of the Dungeon.
You were hungry.

You visited 1 branch of the dungeon, and saw 5 of its levels.
You also visited: Ossuary.

You collected 221 gold pieces.

Inventory:

Hand Weapons
 l - a +0 short sword of protection
 s - a +3 dagger of flaming (weapon)
Missiles
 c - 173 stones (quivered)
Armour
 B - a +0 buckler
 D - a cursed +0 cloak (worn)
Jewellery
 e - an amulet of the gourmand (around neck)
 x - an uncursed ring of fire
 y - a +3 ring of strength (right hand)
 C - the ring of Leaves (left hand) {rElec rC+ Dex+4}
   (You found it on level 4 of the Dungeon)

   [ring of protection from cold]

   It affects your dexterity (+4).
   It protects you from cold.
   It insulates you from electricity.
Scrolls
 d - 10 scrolls of identify
 f - a scroll of blinking {unknown}
 g - a scroll of magic mapping
 j - a scroll of amnesia {unknown}
 k - 2 scrolls of teleportation
 n - 4 scrolls of remove curse
 o - a scroll of noise {unknown}
 r - a scroll of immolation {unknown}
 t - a scroll of enchant armour {unknown}
Potions
 i - 2 potions of flight
 v - 2 potions of agility
 w - 2 potions of invisibility {unknown}
 z - a potion of lignification {unknown}
 A - 2 potions of brilliance {unknown}
Books
 a - a book of Frost

   Spells                             Type                      Level
   a - Freeze                         Ice                          1
   b - Throw Frost                    Conjuration/Ice              2
   c - Ozocubu's Armour               Charms/Ice                   3
   d - Throw Icicle                   Conjuration/Ice              4
   e - Summon Ice Beast               Ice/Summoning                4
Comestibles
 b - 7 bread rations
 h - a meat ration
 p - 7 fruits


   Skills:
 - Level 1.7 Dodging
 - Level 1.7 Stealth
 + Level 4.7 Spellcasting
   Level 1.0 Conjurations
 * Level 7.3 Ice Magic


You had 11 spell levels left.
You knew the following spells:

 Your Spells              Type           Power        Failure   Level  Hunger
a - Freeze                Ice            ####         1%          1    None
b - Ozocubu's Armour      Chrm/Ice       ###.....     12%         3    ###....


Dungeon Overview and Level Annotations

Branches:
Dungeon (5/15)
 Temple: D:4-7

Altars:
Elyvilon
Qazlal
Yredelemnul

Annotations:
D:3 blooo's ghost, amateur OpTm


Innate Abilities, Weirdness & Mutations

You can breathe wild blasts of lightning.
Your glossy black scales are hard (AC +6).
Your body does not fit into most forms of armour.
You are resistant to electric shocks.
You are cold-blooded and may be slowed by cold attacks.


Message History

The orc misses you.
You hit the orc. You burn the orc.
You kill the orc!
Casting: Freeze
Confirm with . or Enter, or press ? or * to list all spells.
Aiming: Freeze
Press: ? - help, Shift-Dir - straight line, f - sky beast
Aim: a sky beast You freeze the sky beast.
The sky beast is moderately wounded.
The sky beast hits you but does no damage.
Drink which item? (? for menu, Esc to quit)
You feel very mighty all of a sudden. The sky beast closely misses you.
You puncture the sky beast! You burn the sky beast.
The sky beast is almost dead.
The sky beast hits you.
* * * LOW HITPOINT WARNING * * *
The sky beast shocks you. You resist.
You die...

######†........
##............#
......$..).##..
..........##
.......<.##
........†#
..#..###.# #
#.# #o#### #.
#.@Y.# . ####[#
. )# Y) ?..
.... .....
.....#


You could see a sky beast and an orc.

Vanquished Creatures
  An ogre (D:4)
  A giant frog zombie (D:4)
  A hound (D:5)
  A human zombie (Ossuary)
  An orc priest (D:5)
  Crazy Yiuf (D:4)
  Jessica (D:3)
  3 orc wizards
  2 worker ants
  3 big kobold zombies (Ossuary)
  2 mummies (Ossuary)
  7 adders
  2 gnolls
  An adder zombie (Ossuary)
  An ooze (D:4)
  3 worms
  2 dart slugs (D:2)
  3 giant geckos
  9 orcs
  2 giant cockroaches
  5 goblins
  6 hobgoblins
  16 jackals
  6 kobolds
  2 quokkas (D:2)
  2 ball pythons
  7 bats
  6 giant newts
  10 hobgoblin zombies (Ossuary)
  A jackal zombie (Ossuary)
  9 kobold zombies (Ossuary)
  9 orc zombies (Ossuary)
  6 rats
  2 rat zombies (Ossuary)
  A fungus (D:4)
135 creatures vanquished.

Vanquished Creatures (others)
  An orc wizard (D:4)
1 creature vanquished.

Grand Total: 136 creatures vanquished

Notes
Turn   | Place    | Note
--------------------------------------------------------------
     0 | D:1      | zxpr0jk the Draconian Ice Elementalist began the quest for the Orb.
     0 | D:1      | Reached XP level 1. HP: 14/14 MP: 3/3
   149 | D:1      | Reached XP level 2. HP: 20/20 MP: 1/5
   762 | D:2      | Reached XP level 3. HP: 26/26 MP: 3/6
   770 | D:2      | Learned a level 3 spell: Ozocubu's Armour
   910 | D:2      | Reached skill level 4 in Ice Magic
   959 | D:2      | Found a basalt altar of Yredelemnul.
  1323 | D:2      | Reached XP level 4. HP: 33/33 MP: 1/8
  1476 | D:2      | Found a white marble altar of Elyvilon.
  2026 | D:3      | Reached XP level 5. HP: 33/38 MP: 10/10
  2530 | D:3      | Noticed Jessica
  2536 | D:3      | Killed Jessica
  2536 | D:3      | Reached skill level 5 in Ice Magic
  2546 | D:3      | Found a stormy altar of Qazlal.
  2555 | D:3      | Noticed blooo's ghost (amateur OpTm)
  3026 | D:4      | Reached XP level 6. HP: 15/45 MP: 9/11
  3029 | D:4      | Found a sand-covered staircase.
  3034 | Ossuary  | Entered an ossuary
  3367 | Ossuary  | Reached skill level 6 in Ice Magic
  3844 | D:4      | Got a scintillating lead ring
  3845 | D:4      | Identified the ring of Leaves {rElec rC+ Dex+4} (You found it on level 4 of the Dungeon)
  4069 | D:4      | Noticed Crazy Yiuf
  4078 | D:4      | Killed Crazy Yiuf
  4078 | D:4      | Your scales start taking on a glossy black colour.
  4078 | D:4      | Reached XP level 7. HP: 40/50 MP: 5/13
  4078 | D:4      | Gained mutation: You are resistant to electric shocks. [Black Draconian growth]
  4130 | D:5      | Entered Level 5 of the Dungeon
  4176 | D:5      | Reached skill level 7 in Ice Magic
  4180 | D:5      | HP: 2/50 [orc wizard/puff of frost (3)]
  4194 | D:5      | HP: 1/50 [sky beast (3)]
  4194 | D:5      | Slain by a sky beast

Vault maps used:
D:1:      moated_graveyard_arrival, minmay_misc_feat_pillars
D:2:      kennysheep_ying_yang
D:3:      nicolae_overflow_hidden_temple, uniq_jessica
D:4:      first_bread, nicolae_ossuary_entry_ruins, corexii_leaking_fountain,
          uniq_crazy_yiuf_cottage
D:5:      okawaru_gym_becter, tgw_xom
Ossuary:  ossuary_tomb_1

Skill      XL: |  1  2  3  4  5  6  7 |
---------------+----------------------+-----
Ice Magic      | 4 5 6 7 |  7.3
Spellcasting   | 3 4 |  4.7
Dodging        | |  1.7
Stealth        | |  1.7
Conjurations   | |  1.0

Action                   |  1- 3 |  4- 6 |  7- 9 || total
-------------------------+-------+-------+-------++-------
Melee: Short sword       |    72 |   162 |       ||   234
       Tailslap          |     5 |    52 |     2 ||    59
       Dagger            |       |   140 |    28 ||   168
Throw: Stone             |    50 |    19 |       ||    69
 Cast: Freeze            |    46 |    54 |    17 ||   117
       Ozocubu's Armour  |     1 |    15 |     1 ||    17
 Abil: Breathe Lightning |       |       |     2 ||     2
  Use: Scroll            |       |     8 |       ||     8
       Potion            |       |    11 |     5 ||    16
 Stab: Sleeping          |     1 |     2 |       ||     3
  Eat: Chunk             |     2 |     7 |     1 ||    10
       Pizza             |       |     2 |       ||     2
Armor: Skin              |    40 |   139 |    34 ||   213
Dodge: Dodged            |    83 |   245 |    48 ||   376
